 Dungeon Crawl Stone Soup version 0.32-a0-841-g4648e6c457 (webtiles) character file.

Game seed: 2824747208849468047

562 Griffin23 the Slasher (level 7, -2/61 HPs)
             Began as a Minotaur Fighter on Mar 26, 2024.
             Killed from afar by an oklob plant (24 damage)
             ... with a splash of acid
             ... on level 5 of the Dungeon.
             The game lasted 00:03:47 (4452 turns).

Griffin23 the Slasher (Minotaur Fighter)            Turns: 4452, Time: 00:03:48

Health: -2/61      AC:  8    Str: 23    XL:     7   Next: 10%
Magic:  6/6        EV:  5    Int:  5    God:
Gold:   205        SH:  4    Dex:  9    Spells: 6/6 levels left

rFire   . . .        a - +0 long sword
rCold   + . .        c - +0 buckler
rNeg    . . .        r - +0 plate armour
rPois   .            (helmet restricted)
rElec   .            (no cloak)
rCorr   .            (no gloves)
SInv    .            (no boots)
Will    .....        (no amulet) Stlth
                     v - ring of protection from cold
HPRegen 0.30/turn    (no ring)
MPRegen 0.10/turn

%: no passive effects
@: corroded
A: horns 2, retaliatory headbutt
a: no special abilities


You were on level 5 of the Dungeon.
You visited 1 branch of the dungeon, and saw 5 of its levels.

You collected 205 gold pieces.

Inventory:

Hand Weapons
 a - a +0 long sword (weapon)
Armour
 b - a +0 scale mail
 c - a +0 buckler (worn)
 o - a +0 chain mail
 r - a +0 plate armour (worn)
Jewellery
 q - a ring of magical power
 v - a ring of protection from cold (left hand)
Wands
 w - a wand of warping (3)
Scrolls
 e - 4 scrolls of poison {unknown}
 f - 5 scrolls of identify {unknown}
 g - a scroll of teleportation {unknown}
 h - 2 scrolls of revelation {unknown}
 m - a scroll of acquirement {unknown}
 n - a scroll of amnesia {unknown}
 s - a scroll of enchant armour {unknown}
 t - a scroll of fear {unknown}
Potions
 d - a potion of ambrosia {unknown}
 i - a potion of curing {unknown}
 j - 3 potions of lignification {unknown}
 k - 2 potions of degeneration {unknown}
 l - a potion of cancellation {unknown}
 p - a potion of heal wounds {unknown}
 u - a potion of enlightenment {unknown}
 x - a potion of brilliance {unknown}
 z - a potion of might
 A - 2 potions of magic {unknown}


   Skills:
 + Level 5.4 Fighting
 * Level 6.1 Long Blades
 + Level 5.5 Armour
 + Level 5.4 Shields


You had 6 spell levels left.
You didn't know any spells.
Your spell library contained the following spells:

 Spells                   Type           Power      Damage    Failure   Level
 Ensorcelled Hibernation  Hex/Ice        0%         N/A       100%        2
 Lesser Beckoning         Tloc           0%         N/A       100%        2
 Dazzling Flash           Conj/Hex       0%         N/A       100%        3
 Gell's Gravitas          Tloc           0%         N/A       100%        3
 Inner Flame              Hex/Fire       0%         N/A       100%        3
 Mephitic Cloud           Conj/Alch/Air  0%         N/A       100%        3
 Passwall                 Erth           0%         N/A       100%        3
 Sigil of Binding         Hex            0%         N/A       100%        3
 Swiftness                Air            0%         N/A       100%        3
 Teleport Other           Tloc           0%         N/A       100%        3
 Volatile Blastmotes      Fire/Tloc      0%         2d10      100%        3
 Flame Wave               Conj/Fire      0%         2d4       100%        4
 Sticky Flame             Fire/Alch      0%         2d4       100%        4
 Curse of Agony           Necr           0%         N/A       100%        5
 Silence                  Hex/Air        0%         N/A       100%        5
 Bombard                  Conj/Erth      0%         9d1       100%        6
 Death Channel            Necr           0%         N/A       100%        6
 Sculpt Simulacrum        Ice/Alch       0%         N/A       100%        6


Dungeon Overview and Level Annotations

Branches:
Dungeon (5/15)
 Temple: D:4-7

Altars:
Cheibriados
Fedhas
Xom

Shops:
D:5 :[

Annotations:
D:5 exclusion: oklob plant


Innate Abilities, Weirdness & Mutations

You have a pair of horns on your head.
You reflexively headbutt those who attack you in melee.


Message History

You slash the plant! You headbutt the plant!
The plant is lightly damaged.
You hit the plant.
The plant is lightly damaged.
A nearby plant withers and dies.
Aiming: Warp Space
Press: ? - help, Shift-Dir - straight line Space twists violently!
The rupture engulfs the plant!
The plant blinks!
The plant begins to die.
The plant is lightly damaged.
The rupture engulfs the oklob plant!
The oklob plant is moderately damaged.
Aiming: Warp Space
Press: ? - help, Shift-Dir - straight line Space twists violently!
The rupture engulfs the plant!
The plant is lightly damaged.
The rupture engulfs the oklob plant but does no damage.
The oklob plant is lightly damaged.
Unknown command.
Aiming: Warp Space
Press: ? - help, Shift-Dir - straight line Space twists violently!
The rupture engulfs the plant!
The plant blinks!
The plant is lightly damaged.
The rupture engulfs the oklob plant.
The oklob plant is moderately damaged.
No reachable target in view!
A nearby plant withers and dies.
You hit the oklob plant.
The oklob plant is moderately damaged.
The oklob plant spits acid at you. The splash of acid hits you!
The acid corrodes you!
You hit the oklob plant but do no damage.
The oklob plant is moderately damaged.
The oklob plant spits acid at you. The splash of acid hits you!!
You hit the oklob plant but do no damage.
The oklob plant is moderately damaged.
The oklob plant spits acid at you. The splash of acid hits you!!
You die...
PP..≈≈≈~...~≈≈≈.PPPP# ♣P♣.~≈≈~~.~≈≈≈~.PPPP# ♣##..~~≈~.~≈≈~..PPP.# ♣ #P..~~~.~~~...#PPP# PPP♣P..~~.≈~..#♣PP### ### .PPPP........#PPP♣PP########.## #PP#♣#PP♣PPPP.PPP..P#.........# PPP ♣PP#P♣#PPP....PP########.## PPPPPP.PPP.♣♣PP.@P♣P#

#.###
PP#PPPPPP#PPPP.#♣♣P.########...#
# ################
##......###.## # #.#
##.#.###.#####....... # #.#
#..##.#.## #####.## # #.#
#.####.## #.# # #.# #.# ### #.##
# #.# #.# #..# #.# #.# ##.#


You could see an oklob plant.

Vanquished Creatures
  An orc warrior (D:4)
  A black bear (D:5)
  An ice beast (D:5)
  3 iguanas (D:5)
  3 gnolls (D:3)
  10 adders
  4 dart slugs
  6 ribbon worms
  6 orcs
  A bat (D:1)
  7 endoplasms
  A giant cockroach (D:2)
  3 goblins
  2 hobgoblins (D:3)
  4 quokkas
  4 ball pythons
  2 frilled lizards
  6 kobolds
  6 rats
71 creatures vanquished.

Notes
Turn   | Place    | Note
-------+----------+-------------------------------------------
     0 | D:1      | Griffin23 the Minotaur Fighter began the quest for the Orb.
     0 | D:1      | Reached XP level 1. HP: 19/19 MP: 0/0
   233 | D:1      | Reached XP level 2. HP: 27/27 MP: 1/1
   831 | D:2      | Reached skill level 3 in Long Blades
   958 | D:2      | Reached XP level 3. HP: 31/33 MP: 2/2
  1761 | D:3      | Reached XP level 4. HP: 14/40 MP: 3/3
  2265 | D:3      | Found a shimmering altar of Xom.
  2286 | D:3      | Reached skill level 4 in Long Blades
  2723 | D:4      | Reached XP level 5. HP: 41/47 MP: 4/4
  2735 | D:4      | Noticed an orc warrior
  2751 | D:4      | Killed an orc warrior
  2752 | D:4      | Reached skill level 5 in Long Blades
  2754 | D:4      | Reached XP level 6. HP: 17/55 MP: 5/5
  2962 | D:4      | Reached skill level 5 in Armour
  3321 | D:4      | Found a snail-covered altar of Cheibriados.
  3452 | D:5      | Entered Level 5 of the Dungeon
  3499 | D:5      | Identified the +6 leather armour of Context {rElec rC+
                  | Str+3 Int+3}
  3574 | D:5      | Reached skill level 5 in Fighting
  3625 | D:5      | Reached skill level 5 in Shields
  3751 | D:5      | Noticed an ice beast
  3775 | D:5      | Killed an ice beast
  3776 | D:5      | Reached skill level 6 in Long Blades
  3776 | D:5      | Reached XP level 7. HP: 53/61 MP: 6/6
  3823 | D:5      | Found Huaroa Asaps's Vocational Training.
  3923 | D:5      | Found Fiub's Antique Armour Emporium.
  4217 | D:5      | Found a blossoming altar of Fedhas.
  4238 | D:5      | Noticed an oklob plant
  4452 | D:5      | Killed from afar by an oklob plant

Illustrated notes

Levels and vault maps discovered:
D:1:      dpeg_arrival_arbitrary_c, layout_basic, chequers_big_river
D:2:      layout_loops_corners
D:3:      layout_rooms, xom_teletrap_fun, roderic_cross_of_infinity
D:4:      layout_rooms, cheibrodos_worm_habitat, nicolae_half_adder
D:5:      layout_loops_ring, tgw_fedhas, serial_shops, shop,
          nicolae_shop_vocational

Skill      XL: |  1  2  3  4  5  6 |
---------------+-------------------+-----
Long Blades    | 3 4 5 6 |  6.1
Fighting       | 4 5 |  5.4
Shields        | 4 5 |  5.4
Armour         | 4 5 |  5.5

Action                     |  1- 3 |  4- 6 |  7- 9 || total
---------------------------+-------+-------+-------++-------
  Melee: Long sword        |    80 |   146 |    19 ||   245
         Headbutt          |    14 |    21 |     3 ||    38
  Evoke: Wand              |       |       |     3 ||     3
    Use: Potion            |       |     1 |       ||     1
 Armour: Scale mail        |    62 |    18 |       ||    80
         Chain mail        |       |    69 |       ||    69
         Plate armour      |       |    39 |    13 ||    52
  Dodge: Dodged            |    24 |    63 |     4 ||    91
  Block: Buckler           |    14 |    39 |     1 ||    54

Table legend: (Time is in decaauts)
 A = Elapsed time spent in this place.
 B = Non-inter-level travel time spent in this place.
 C = Inter-level travel time spent in this place.
 D = Time resting spent in this place.
 E = Time spent auto-exploring this place.
 F = Levels seen in this place.
 G = Mean time per level.
                   A        B        C        D        E       F      G
               +--------+--------+--------+--------+--------+-----+--------+
         Total |   4531 |   4390 |    141 |    452 |   3283 |   5 |  906.2 |
       Dungeon |   4531 |   4390 |    141 |    452 |   3283 |   5 |  906.2 |
               +--------+--------+--------+--------+--------+-----+--------+

Top non-repeatable levels by time:
     D:2: 1331 daAuts
     D:5: 1009 daAuts
     D:1: 809 daAuts
     D:4: 804 daAuts
     D:3: 576 daAuts
